 Dungeon Crawl Stone Soup version 0.18.1-48-g4cf74bf (webtiles) character file.

15228 theElss the Protected (level 12, -1/71 HPs)
             Began as a Gargoyle Berserker on July 3, 2016.
             Was a High Priest of Trog.
             Slain by a cyan ugly thing (4 damage)
             ... on level 11 of the Dungeon.
             The game lasted 00:45:36 (12495 turns).

theElss the Protected (Gargoyle Berserker)         Turns: 12495, Time: 00:45:36

Health: -1/71      AC: 30    Str: 23    XL:     12   Next: 24%
Magic:  12/12      EV:  9    Int: 12    God:    Trog [*****.]
Gold:   661        SH:  0    Dex: 14    Spells: 0 memorised, 11 levels left

rFire  . . .     SeeInvis .     a - +2 great mace "Pico" {holy, rElec Int+3 Dex+3}
rCold  . . .     Gourm    .     F - +0 plate armour
rNeg   + + .     Faith    .     (shield currently unavailable)
rPois  ∞         Spirit   .     P - +0 hat
rElec  +         Dismiss  .     x - +2 cloak
rCorr  .         Reflect  .     (no gloves)
SustAt .         Harm     .     j - +0 pair of boots
MR     ++...                    (no amulet)
Stlth  ..........               I - ring of stealth
                                M - ring of positive energy

@: exhausted, regenerating, slowed, very slow, very resistant to hostile
enchantments, extremely unstealthy
A: negative energy resistance 1, electricity resistance, unbreathing,
petrification resistance, rot immunity, AC +8
a: Berserk, Trog's Hand, Brothers in Arms, Burn Spellbooks, Renounce Religion


You were on level 11 of the Dungeon.
You worshipped Trog.
Trog was extremely pleased with you.
You were very hungry.

You visited 1 branch of the dungeon, and saw 11 of its levels.

You collected 661 gold pieces.

Inventory:

Hand Weapons
 a - the +2 great mace "Pico" (weapon) {holy, rElec Int+3 Dex+3}
   (Trog gifted it to you on level 11 of the Dungeon)

   It has been blessed by the Shining One to cause great damage to the undead
   and demons.
   It affects your intelligence (+3).
   It affects your dexterity (+3).
   It insulates you from electricity.
 K - a +0 whip of electrocution
 R - the +0 mace of Paper {freeze, rElec rC+ Str+5 Dex-3}
   (You found it on level 6 of the Dungeon)

   It has been specially enchanted to freeze those struck by it, causing extra
   injury to most foes and up to half again as much damage against particularly
   susceptible opponents.
   It can also slow down cold-blooded creatures.
   It affects your strength (+5).
   It affects your dexterity (-3).
   It protects you from cold.
   It insulates you from electricity.
 X - a +3 great mace of crushing
Armour
 j - a +0 pair of boots (worn)
 x - a +2 cloak (worn)
 D - the +0 leather armour of Loxzaap {+Inv Int+2}
   (You found it on level 5 of the Dungeon)

   It affects your intelligence (+2).
   It lets you turn invisible.
 F - a +0 plate armour (worn)
 N - the +0 leather armour "Enkiutz" {-Cast Str+6 Int+2}
   (You found it on level 6 of the Dungeon)

   It affects your strength (+6).
   It affects your intelligence (+2).
   It prevents spellcasting.
 P - a +0 hat (worn)
Jewellery
 I - a ring of stealth (right hand)
 M - a ring of positive energy (left hand)
Wands
 b - a wand of iceblast (6/15)
 f - a wand of iceblast (8/15)
 r - a wand of flame (26/48)
 G - a wand of lightning (2/15)
 S - a wand of slowing (39/48)
 V - a wand of iceblast (9/15)
Scrolls
 e - 2 scrolls of enchant armour
 g - 5 scrolls of remove curse
 h - 2 scrolls of fear {unknown}
 m - a scroll of fog {unknown}
 o - 4 scrolls of teleportation {unknown}
 t - 2 scrolls of blinking {unknown}
 y - 2 scrolls of magic mapping {unknown}
 A - 4 scrolls of amnesia {unknown}
 B - 2 scrolls of enchant weapon {unknown}
 C - 3 scrolls of immolation {unknown}
 H - 3 scrolls of noise {unknown}
 J - 2 scrolls of identify
 T - a scroll of random uselessness {unknown}
 U - 2 scrolls of recharging {unknown}
Potions
 d - 3 potions of invisibility
 l - a potion of cure mutation {unknown}
 n - 5 potions of flight
 p - 3 potions of heal wounds
 q - 2 potions of ambrosia {unknown}
 v - 6 potions of curing
 E - 2 potions of haste {unknown}
 L - a potion of might {unknown}
 O - 2 potions of cancellation {unknown}
Books
 i - a Young Poisoner's Handbook

   Spells                             Type                      Level
   a - Sting                          Conjuration/Poison           1
   b - Cure Poison                    Poison                       2
   c - Mephitic Cloud                 Conjuration/Poison/Air       3
   d - Olgreb's Toxic Radiance        Poison                       4
   e - Venom Bolt                     Conjuration/Poison           5
   Trog disapproves of the use of such an item.
 w - a book of Battle

   Spells                             Type                      Level
   a - Infusion                       Charms                       1
   b - Shroud of Golubria             Charms/Translocation         2
   c - Song of Slaying                Charms                       2
   d - Spectral Weapon                Hexes/Charms                 3
   e - Regeneration                   Charms/Necromancy            3
   Trog disapproves of the use of such an item.
 z - a book of Enchantments

   Spells                             Type                      Level
   a - Cause Fear                     Hexes                        4
   b - Yara's Violent Unravelling     Hexes/Transmutation          5
   c - Silence                        Hexes/Air                    5
   d - Deflect Missiles               Charms/Air                   6
   e - Haste                          Charms                       6
   f - Discord                        Hexes                        8
   Trog disapproves of the use of such an item.
 Q - a book of Frost

   Spells                             Type                      Level
   a - Freeze                         Ice                          1
   b - Throw Frost                    Conjuration/Ice              2
   c - Ozocubu's Armour               Charms/Ice                   3
   d - Throw Icicle                   Conjuration/Ice              4
   e - Summon Ice Beast               Ice/Summoning                4
   Trog disapproves of the use of such an item.
 W - a book of Party Tricks

   Spells                             Type                      Level
   a - Summon Butterflies             Summoning                    1
   b - Apportation                    Translocation                1
   c - Tukima's Dance                 Hexes                        3
   d - Alistair's Intoxication        Transmutation/Poison         5
   e - Invisibility                   Hexes                        6
   Trog disapproves of the use of such an item.
Comestibles
 c - 4 bread rations
 k - 2 beef jerkies
 s - a meat ration
 Y - 4 fruits
 Z - 3 chunks of flesh


   Skills:
 + Level 6.8 Fighting
 - Level 12.0 Maces & Flails
 - Level 14.5 Armour
 * Level 4.3 Dodging


You had 11 spell levels left.
You didn't know any spells.

Dungeon Overview and Level Annotations

Branches:
Dungeon (11/15)            Temple (0/1) D:7            Lair (0/8) D:9
    Orc (0/2) D:10

Altars:
Pakellas
Ru
Yredelemnul
Beogh

Shops:
D:6 =   D:8 }   D:10 (


Innate Abilities, Weirdness & Mutations

You are resistant to torment.
Your stone body is resilient (AC +8).
You are immune to poison.
You resist negative energy.
You are resistant to electric shocks.
You can survive without breathing.
You are immune to petrification.
You are immune to rotting.


Message History

The cyan ugly thing tail-slaps you but does no damage.
The phantom completely misses you. The cyan ugly thing tail-slaps you.
* * * LOW HITPOINT WARNING * * *
The cyan ugly thing shocks you. You resist.
* * * LOW HITPOINT WARNING * * *
You barely miss the phantom.
The phantom is lightly damaged.
The phantom blinks!
The cyan ugly thing tail-slaps you but does no damage.
The green ugly thing pecks you but does no damage.
You hit the green ugly thing but do no damage.
The cyan ugly thing tail-slaps you.
* * * LOW HITPOINT WARNING * * *
The cyan ugly thing shocks you. You resist.
* * * LOW HITPOINT WARNING * * *
The green ugly thing pecks you but does no damage.
The cyan ugly thing tail-slaps you.
* * * LOW HITPOINT WARNING * * *
The cyan ugly thing shocks you. You resist.
You die...

#........#+# .#....#.#.# #.
###......#...#.[#...(..#.# ###.
#.+............ ##........ ....
#.#......#..## #......# ###
#.##.........# #...K.# ##
#.##.........# #.....# #.
#.##.........# #.....# #.
##.########...####u###.## ####.
#.........#.))[u@u:##...# #....
#.........#...#######...# ####.
#.........#..(#######...########.
#.........#..(...................
#..<......######.......#######...
#......... #.####... #.##
##+####### #.# #...# #.# #.# #.#
#...# #.# #.# #.# #...# #.#


You could see 3 ugly things and a kobold.

Vanquished Creatures
  Gastronok (D:9)
  A centaur warrior (D:11)
  Pikel (D:6)
  2 hill giants
  2 orc knights
  A manticore (D:11)
  A gargoyle (D:11)
  Maurice (D:8)
  3 trolls
  4 two-headed ogres
  Sigmund (D:2)
  3 yaks (D:10)
  3 hippogriffs
  Grum (D:8)
  6 centaurs
  4 hungry ghosts
  Duvessa (D:5)
  A water moccasin (D:5)
  2 eyes of draining (D:11)
  2 phantoms
  4 sky beasts
  4 ice beasts
  2 orc warriors (D:10)
  A necrophage (D:9)
  5 black bears
  8 ogres
  2 wolves (D:8)
  2 big kobolds
  6 giant frogs
  2 gnoll sergeants
  2 wyvern zombies
  Dowan (D:5)
  4 scorpions
  17 killer bees
  2 vampire bats (D:3)
  A howler monkey (D:5)
  A crimson imp (D:9)
  3 centaur zombies
  A lava snake (D:7)
  5 hounds
  A jelly (D:8)
  7 orc wizards
  6 orc priests
  Crazy Yiuf (D:6)
  A giant frog skeleton (D:5)
  2 iguanas
  12 worker ants
  A hound zombie (D:11)
  A hound skeleton (D:10)
  14 adders
  11 gnolls
  A shadow imp (D:9)
  An ooze (D:2)
  2 adder zombies
  5 worms
  4 dart slugs
  6 giant geckos
  49 orcs
  13 giant cockroaches
  7 goblins
  6 hobgoblins
  12 jackals
  4 quokkas
  14 bats
  2 giant gecko skeletons
  A giant gecko zombie (D:5)
  7 giant newts
  A jackal skeleton (D:4)
  14 kobolds
  A quokka skeleton (D:5)
  7 rats
328 creatures vanquished.

Vanquished Creatures (others)
  2 slaves (D:6)
  A phantom (D:6)
  2 orc wizards (D:6)
  2 orcs (D:6)
7 creatures vanquished.

Grand Total: 335 creatures vanquished

Notes
Turn   | Place    | Note
--------------------------------------------------------------
     0 | D:1      | theElss the Gargoyle Berserker began the quest for the Orb.
     0 | D:1      | Reached XP level 1. HP: 14/14 MP: 1/1
   452 | D:1      | Reached XP level 2. HP: 16/19 MP: 2/2
   994 | D:1      | Reached XP level 3. HP: 23/23 MP: 3/3
  1204 | D:2      | Reached ** piety under Trog
  1422 | D:2      | Reached XP level 4. HP: 26/28 MP: 4/4
  1551 | D:2      | Noticed Sigmund
  1664 | D:3      | Reached skill level 5 in Maces & Flails
  1953 | D:3      | Found a faded altar to an unknown god.
  2141 | D:3      | Reached XP level 5. HP: 32/32 MP: 5/5
  2278 | D:3      | Reached XP level 6. HP: 31/37 MP: 6/6
  2795 | D:4      | Reached *** piety under Trog
  3468 | D:5      | Entered Level 5 of the Dungeon
  3532 | D:5      | Got a scorched leather armour
  3572 | D:5      | Noticed a water moccasin
  3587 | D:5      | Killed a water moccasin
  3587 | D:5      | Reached XP level 7. HP: 27/41 MP: 7/7
  4068 | D:5      | Noticed Duvessa
  4069 | D:5      | Noticed Dowan
  4078 | D:5      | Killed Duvessa
  4084 | D:5      | Killed Dowan
  4220 | D:5      | Reached XP level 8. HP: 41/46 MP: 8/8
  4693 | D:5      | Identified the cursed +0 leather armour of Loxzaap {+Inv Int+2} (You found it on level 5 of the Dungeon)
  4760 | D:6      | Noticed Pikel
  4773 | D:6      | Killed Pikel
  4781 | D:6      | Found Qeoqigoschu's Jewellery Shoppe.
  5085 | D:6      | Reached **** piety under Trog
  5085 | D:6      | Reached XP level 9. HP: 39/51 MP: 9/9
  5345 | D:6      | Found a sacrificial altar of Ru.
  5485 | D:6      | Got a brightly glowing leather armour
  5704 | D:6      | Noticed Crazy Yiuf
  5713 | D:6      | Killed Crazy Yiuf
  5719 | D:6      | Got a scorched mace
  5720 | D:6      | Identified the cursed +0 mace of Paper {freeze, rElec rC+ Str+5 Dex-3} (You found it on level 6 of the Dungeon)
  5747 | D:6      | Identified the cursed +0 leather armour "Enkiutz" {-Cast Str+6 Int+2} (You found it on level 6 of the Dungeon)
  6010 | D:7      | Reached skill level 3 in Armour
  6026 | D:7      | Reached skill level 4 in Armour
  6204 | D:7      | Reached skill level 5 in Armour
  6292 | D:7      | Found a staircase to the Ecumenical Temple.
  6355 | D:7      | Reached skill level 6 in Armour
  6663 | D:7      | Reached skill level 7 in Armour
  6722 | D:7      | Reached XP level 10. HP: 20/56 MP: 10/10
  7158 | D:7      | Reached skill level 8 in Armour
  7407 | D:7      | Found a sacrificial altar of Ru.
  7407 | D:7      | Found a basalt altar of Yredelemnul.
  7870 | D:8      | Noticed Maurice
  7882 | D:8      | Killed Maurice
  7882 | D:8      | Reached skill level 9 in Armour
  8012 | D:8      | Reached ***** piety under Trog
  8012 | D:8      | Reached skill level 10 in Armour
  8083 | D:8      | Found Genach's Gadget Shoppe.
  8086 | D:8      | Noticed Grum
  8122 | D:8      | Killed Grum
  8987 | D:2      | Killed Sigmund
  9167 | D:7      | Reached skill level 11 in Armour
  9193 | D:9      | Noticed Gastronok
  9395 | D:9      | Noticed a hill giant
  9412 | D:9      | Killed a hill giant
  9559 | D:9      | Reached skill level 12 in Armour
  9590 | D:9      | Reached XP level 11. HP: 57/60 MP: 11/11
  9952 | D:9      | Killed Gastronok
  9952 | D:9      | Reached skill level 13 in Armour
 10034 | D:9      | Found a staircase to the Lair.
 10165 | D:10     | Entered Level 10 of the Dungeon
 10432 | D:10     | Noticed an orc knight
 10484 | D:10     | Killed an orc knight
 10810 | D:10     | Found a roughly hewn altar of Beogh.
 10837 | D:10     | Reached skill level 14 in Armour
 10903 | D:10     | Found a staircase to the Orcish Mines.
 10918 | D:10     | Received a gift from Trog
 10944 | D:10     | Noticed a hill giant
 10950 | D:10     | Killed a hill giant
 11162 | D:10     | Found an oddly glowing altar of Pakellas.
 11407 | D:10     | Found Hegill's Weapon Emporium.
 12136 | D:11     | Noticed a centaur warrior
 12145 | D:11     | Killed a centaur warrior
 12145 | D:11     | Reached skill level 5 in Fighting
 12145 | D:11     | Reached XP level 12. HP: 41/68 MP: 12/12
 12153 | D:11     | HP: 4/102 [orc knight/great sword (4)]
 12345 | D:11     | Received a gift from Trog
 12359 | D:11     | Got a blackened great mace {god gift}
 12360 | D:11     | Identified the +2 great mace "Pico" {holy, rElec Int+3 Dex+3} (Trog gifted it to you on level 11 of the Dungeon)
 12495 | D:11     | HP: 3/71 [cyan ugly thing (4)]
 12495 | D:11     | Slain by a cyan ugly thing

Skill      XL: |  1  2  3  4  5  6  7  8  9 10 11 12 |
---------------+-------------------------------------+-----
Maces & Flails | 4 5 6 7 9 11 12 | 12.0
Armour         | 7 12 14 | 14.5
Dodging        | 3 4 |  4.3
Fighting       | 5 6 |  6.8

Action                   |  1- 3 |  4- 6 |  7- 9 | 10-12 || total
-------------------------+-------+-------+-------+-------++-------
Melee: Mace              |   119 |   192 |       |       ||   311
       Flail             |       |    76 |   265 |       ||   341
       Whip              |       |       |   120 |   585 ||   705
       Great mace        |       |       |       |   210 ||   210
Invok: Berserk           |       |     1 |     7 |    11 ||    19
       Trog's Hand       |       |       |       |     2 ||     2
  Use: Scroll            |       |     1 |     2 |     8 ||    11
 Stab: Sleeping          |       |       |     3 |     2 ||     5
       Distracted        |       |       |     2 |       ||     2
  Eat: Chunk             |     2 |     7 |    14 |    25 ||    48
       Beef jerky        |       |       |     2 |       ||     2
       Bread ration      |       |       |     1 |       ||     1
       Royal jelly       |       |       |       |     1 ||     1
       Meat ration       |       |       |       |     1 ||     1
Armor: Leather armour    |    66 |   150 |   152 |    13 ||   381
       Animal skin       |     2 |       |       |       ||     2
       Plate armour      |       |       |       |   455 ||   455
Dodge: Dodged            |    89 |   190 |   174 |   275 ||   728
